 Dungeon Crawl Stone Soup version 0.24-a0-769-g368c1644f8 (webtiles) character file.

Game seed: 4080694706538002189, levelgen mode: deterministic

91 Masnef the Cudgeler (level 4, -27/28 HPs)
             Began as a Kobold Fighter on Oct 4, 2019.
             Annihilated by an ogre
             ... wielding a +0 giant club
              (28 damage)
             ... on level 2 of the Dungeon.
             The game lasted 00:03:08 (1284 turns).

Masnef the Cudgeler (Kobold Fighter)                Turns: 1284, Time: 00:03:09

Health: -27/28     AC:  6    Str: 14    XL:     4   Next: 88%
Magic:  4/4        EV:  8    Int:  9    God:
Gold:   62         SH:  8    Dex: 14    Spells: 3/3 levels left

rFire    . . .     SeeInvis .   a - +0 flail
rCold    . . .     Gourm    .   c - +0 shield
rNeg     . . .     Faith    .   b - +0 scale mail
rPois    .         Spirit   .   (no helmet)
rElec    .         Reflect  .   (no cloak)
rCorr    .         Harm     .   (no gloves)
MR       .....                  (no boots)
Stlth    ..........             (no amulet)
HPRegen  0.09/turn              (no ring)
MPRegen  0.09/turn              (no ring)

@: no status effects
A: small, carnivore
a: no special abilities


You were on level 2 of the Dungeon.
You were completely stuffed.

You visited 1 branch of the dungeon, and saw 2 of its levels.

You collected 62 gold pieces.

Inventory:

Hand Weapons
 a - a +0 flail (weapon)
Armour
 b - a +0 scale mail (worn)
 c - a +0 shield (worn)
 l - a +0 leather armour of fire resistance
Scrolls
 e - a scroll of magic mapping
 g - a scroll of identify {unknown}
 i - a scroll of teleportation {unknown}
 j - a scroll of fog {unknown}
 k - a scroll of amnesia {unknown}
 m - a scroll of immolation {unknown}
 n - a scroll of fear {unknown}
Potions
 d - a potion of might
 h - a potion of curing {unknown}
Comestibles
 f - 6 rations
 o - a chunk of flesh


   Skills:
 - Level 3.3 Fighting
 + Level 4.0 Maces & Flails
 - Level 2.7 Armour
 - Level 2.4 Shields


You had 3 spell levels left.
You didn't know any spells.
Your spell library was empty.

Dungeon Overview and Level Annotations

Branches:
Dungeon (2/15)

Altars:


Innate Abilities, Weirdness & Mutations

You are small and have problems with some larger weapons.
You are carnivorous and can eat meat at any time.


Message History

You hit the ogre.
The ogre is moderately wounded.
The ogre hits you with a +0 giant club.
Your shield prevents you from hitting the ogre.
The ogre is moderately wounded.
The ogre barely misses you.
Your shield prevents you from hitting the ogre.
The ogre is moderately wounded.
The ogre hits you with a +0 giant club.
You completely miss the ogre.
The ogre is moderately wounded.
The ogre hits you with a +0 giant club!!
Ouch! That really hurt!
* * * LOW HITPOINT WARNING * * *
Okay, then.
As you read the scroll labeled JERPHA HAFIPEKE, it crumbles to dust.
You feel aware of your surroundings.
It was a scroll of magic mapping.
The ogre hits you with a +0 giant club!!
Ouch! That really hurt!
You die...

,,*,..#*,,,,,,,,,,,,,,,*******,,,
*,,.#..##.*,,,>,,,,,,,,,,,,,,,,,,
###(##....,,****************,,,,*
.....<....*** **,,,,*,**
...##.....## ***,,*,,,,*
>.)........# ***,,,**,*****
.....##.#..##### *,,,****,* *
.....##.#......#####.####*>,** *
.....##....###..@Ogs.....,,,,* *
......###..#########l..|.,,,,* *
........#....# *,,...,,,,****
....###.....)#######,,,,.,,,,,,,,
...#####............,,,,,,,,,****
#####....|....###...*,,,,,,,,,,,,
##..###....#..<.#**,,,,,,,,,***
#..## #......####*,,,,,,,,,** *
###.## #...)....#*,,,,,,,,,,* *


You could see an ogre, a giant cockroach, a goblin and a frilled lizard.

Vanquished Creatures
  3 adders (D:2)
  A gnoll (D:1)
  An ooze (D:1)
  A worm (D:2)
  A dart slug (D:1)
  13 goblins
  5 hobgoblins
  6 jackals (D:1)
  3 bats
  2 frilled lizards
  5 kobolds
  7 rats
48 creatures vanquished.

Notes
Turn   | Place    | Note
-------+----------+-------------------------------------------
     0 | D:1      | Masnef the Kobold Fighter began the quest for the Orb.
     0 | D:1      | Reached XP level 1. HP: 14/14 MP: 1/1
   152 | D:1      | Reached XP level 2. HP: 15/19 MP: 2/2
   188 | D:1      | Reached skill level 2 in Maces & Flails
   320 | D:1      | Reached XP level 3. HP: 22/23 MP: 3/3
   734 | D:1      | Reached skill level 3 in Maces & Flails
   892 | D:1      | Reached XP level 4. HP: 28/28 MP: 4/4
  1262 | D:2      | Noticed an ogre
  1265 | D:2      | Reached skill level 4 in Maces & Flails
  1282 | D:2      | HP: 1/28 [ogre/+0 giant club (19)]
  1284 | D:2      | Annihilated by an ogre

Levels and vault maps discovered:
D:1:      psy_arrival_radial02, layout_basic, minivault_14,
          minmay_misc_feat_rows
D:2:      layout_rooms, serial_park_tiny_1

Skill      XL: |  1  2  3  4 |
---------------+-------------+-----
Maces & Flails | 2 3 4 |  4.0
Fighting       | |  3.3
Armour         | |  2.7
Shields        | |  2.4

Action                   |  1- 3 |  4- 6 || total
-------------------------+-------+-------++-------
Melee: Flail             |    99 |    66 ||   165
  Use: Scroll            |       |     1 ||     1
  Eat: Chunk             |     9 |     1 ||    10
Armor: Scale mail        |    42 |    39 ||    81
Dodge: Dodged            |    38 |    25 ||    63
Block: Shield            |    40 |    35 ||    75

Table legend:
 A = Non-vault XP
 B = Vault XP
 C = Vault XP percentage of total XP
 D = Non-vault monster count
 E = Vault monster count
 F = Vault count percentage of total count
                 A         B        C        D         E       F
            +---------+---------+-------+---------+---------+-------
      Total |     131 |       0 |   0.0 |      48 |       0 |   0.0
            +---------+---------+-------+---------+---------+-------
        D:1 |      77 |       0 |   0.0 |      37 |       0 |   0.0
        D:2 |      54 |       0 |   0.0 |      11 |       0 |   0.0
            +---------+---------+-------+---------+---------+-------
